 Dungeon Crawl Stone Soup version 0.21-a0-94-gdd6ab6a (webtiles) character file.

249 HAL9000 the Cudgeler (level 6, -7/61 HPs)
             Began as an Ogre Hunter on July 3, 2017.
             Mangled by a gnoll
             ... wielding a +0 spear
              (10 damage)
             ... on level 3 of the Dungeon.
             The game lasted 00:07:18 (4308 turns).

HAL9000 the Cudgeler (Ogre Hunter)                  Turns: 4308, Time: 00:07:19

Health: -7/61      AC:  3    Str: 18    XL:     6   Next: 12%
Magic:  6/6        EV: 10    Int: 12    God:
Gold:   263        SH:  0    Dex: 10    Spells: 5/5 levels left

rFire    . . .     SeeInvis .   q - -1 flail (curse)
rCold    . . .     Gourm    .   (no shield)
rNeg     . . .     Faith    .   o - +0 robe (curse)
rPois    +         Spirit   .   (helmet restricted)
rElec    .         Reflect  .   (no cloak)
rCorr    .         Harm     .   (gloves unavailable)
MR       .....                  (boots unavailable)
Stlth    +.........             (no amulet)
HPRegen  0.20/turn              n - ring of poison resistance
MPRegen  0.10/turn              (no ring)

@: no status effects
A: unfitting armour, tough skin 1
a: no special abilities


You were on level 3 of the Dungeon.
You were very hungry.

You visited 1 branch of the dungeon, and saw 4 of its levels.

You collected 263 gold pieces.

Inventory:

Hand Weapons
 m - a +0 mace
 q - a cursed -1 flail (weapon)
 r - a +0 flail
 v - a +1 morningstar
Missiles
 d - a throwing net (quivered)
 y - 5 curare-tipped needles
Armour
 o - a cursed +0 robe (worn)
Jewellery
 n - a ring of poison resistance (left hand)
Wands
 w - a wand of flame (31/48)
Scrolls
 i - a scroll of magic mapping
Potions
 g - a potion of haste {unknown}
 k - a potion of ambrosia {unknown}
 t - a potion of resistance {unknown}
 u - a potion of lignification
Comestibles
 f - 2 bread rations
 j - a royal jelly


   Skills:
 - Level 3.2 Fighting
 + Level 5.1 Maces & Flails
 - Level 4.0 Throwing
 - Level 1.7 Dodging
 - Level 0.6 Stealth


You had 5 spell levels left.
You didn't know any spells.

Dungeon Overview and Level Annotations

Branches:
Dungeon (4/15)
 Temple: D:4-7

Altars:
Gozag
Qazlal
Yredelemnul


Innate Abilities, Weirdness & Mutations

You are too large for most types of armour.
You have tough skin. (AC +1)


Message History

The large rock closely misses the gnoll.
The large rock hits the gnoll!
The gnoll is severely wounded.
The gnoll barely misses you.
The gnoll hits you from afar with a spear.
* * * LOW HITPOINT WARNING * * *
Throwing (i - inventory):
d - 2 throwing nets (quivered)
Press: ? - help, Shift-Dir - straight line, f/p - gnoll
Aim: a gnoll, wielding a spear You throw a throwing net.
The throwing net hits the gnoll.
The gnoll is caught in the net!
The gnoll struggles against the net.
Unknown command.
The gnoll misses you.
The gnoll struggles against the net.
You hit the gnoll.
The gnoll is lightly wounded.
The gnoll hits you from afar with a spear.
* * * LOW HITPOINT WARNING * * *
The gnoll struggles against the net.
The gnoll hits you from afar with a spear!
You die...

#################...#.<.#...#....
#........# ###.##.###.##.###
####........######)##.# #.##.#
#_...............#.##.# #.##.###
####........####....#.###.##.#.#
#........# #................
########### #.....>.......#.#
#......########.########)#
##.##....@gg..((# #.#
#.##.########### #.# #.##.# #.#
#.##.# #.# #.[..# #.# ###### #.#
#.# #.. ###


You could see 2 gnolls.

Vanquished Creatures
  An ogre (D:4)
  A gnoll shaman (D:3)
  2 adders
  An ooze (D:3)
  2 adder skeletons (D:4)
  A worm (D:2)
  2 dart slugs
  6 leopard geckos
  20 orcs
  5 giant cockroaches
  2 gnoll zombies (D:3)
  2 goblins
  6 hobgoblins
  2 quokkas
  8 bats
  3 frilled lizards
  4 kobolds
  4 rats
72 creatures vanquished.

Notes
Turn   | Place    | Note
-------+----------+-------------------------------------------
     0 | D:1      | HAL9000 the Ogre Hunter began the quest for the Orb.
     0 | D:1      | Reached XP level 1. HP: 22/22 MP: 1/1
   438 | D:1      | Reached XP level 2. HP: 25/31 MP: 2/2
   555 | D:1      | Reached skill level 1 in Maces & Flails
   860 | D:1      | Found an opulent altar of Gozag.
  1073 | D:2      | Reached skill level 2 in Maces & Flails
  1073 | D:2      | Reached XP level 3. HP: 31/37 MP: 3/3
  1350 | D:2      | Found a stormy altar of Qazlal.
  1523 | D:2      | Found an opulent altar of Gozag.
  2244 | D:3      | Reached XP level 4. HP: 19/45 MP: 4/4
  2510 | D:3      | Reached skill level 3 in Maces & Flails
  2766 | D:3      | Found a glowing drain.
  3072 | D:3      | Found a basalt altar of Yredelemnul.
  3437 | D:4      | Noticed an ogre
  3470 | D:4      | Killed an ogre
  3470 | D:4      | Reached skill level 4 in Maces & Flails
  3470 | D:4      | Reached XP level 5. HP: 5/53 MP: 5/5
  4052 | D:3      | Reached skill level 5 in Maces & Flails
  4052 | D:3      | Reached XP level 6. HP: 12/61 MP: 6/6
  4308 | D:3      | HP: 3/61 [gnoll/spear (5)]
  4308 | D:3      | Mangled by a gnoll

Vault maps used:
D:1:      sevenhm_arrival_forest_fort_small_6, amethyst_killhole
D:2:      cheibrodos_old_hovel, nicolae_overflow_crystal_walls,
          overflow_temple_1_default
D:3:      lemuel_zombie_altar_yredelemnul, gup_sewer_entry_bowl
D:4:      kb_forest_paths, first_bread, led_sif_pool

Skill      XL: |  1  2  3  4  5 |
---------------+----------------+-----
Fighting       | 3 |  3.2
Maces & Flails | 2 4 5 |  5.1
Throwing       | |  4.0
Dodging        | |  1.7
Stealth        | |  0.6

Action                   |  1- 3 |  4- 6 || total
-------------------------+-------+-------++-------
Melee: Short sword       |    79 |       ||    79
       Mace              |    64 |     8 ||    72
       Flail             |       |   141 ||   141
Throw: Large rock        |     1 |     5 ||     6
       Throwing net      |       |     1 ||     1
  Use: Scroll            |       |     3 ||     3
       Potion            |       |     1 ||     1
 Stab: Sleeping          |     1 |       ||     1
  Eat: Chunk             |     3 |     5 ||     8
       Royal jelly       |       |     1 ||     1
Armor: Robe              |    60 |    30 ||    90
       Skin              |       |     5 ||     5
Dodge: Dodged            |   101 |    99 ||   200
